 Dungeon Crawl Stone Soup version 0.27.1-35-g4d5d836560 (webtiles) character file.

Game seed: 6475555785866071741

82 Delamore the Sneak (level 4, -4/29 HPs)
             Began as an Octopode Brigand on Apr 12, 2022.
             Slain by an orc (6 damage)
             ... on level 3 of the Dungeon.
             The game lasted 00:01:32 (1649 turns).

Delamore the Sneak (Octopode Brigand)               Turns: 1649, Time: 00:01:33

Health: -4/29      AC:  1    Str: 10    XL:     4   Next: 43%
Magic:  4/4        EV: 13    Int: 13    God:
Gold:   93         SH:  0    Dex: 20    Spells: 3/3 levels left

rFire    . . .     SeeInvis +   m - +2 dagger (venom)
rCold    . . .     Faith    .   (no shield)
rNeg     . . .     Spirit   .   (helmet restricted)
rPois    .         Reflect  .   e - amulet of the acrobat
rElec    .         Harm     .   d - ring of see invisible
rCorr    .         Rampage  .   f - +6 ring of dexterity
Will     .....                  (no ring)
Stlth    +++.......             (no ring)
HPRegen  0.09/turn              (no ring)
MPRegen  0.09/turn              (no ring)
                                (no ring)
                                (no ring)

@: confused
A: almost no armour, amphibious, 8 rings, camouflage 1, gelatinous body 1,
(nimble swimmer 1), tentacles
a: no special abilities


You were on level 3 of the Dungeon.
You visited 1 branch of the dungeon, and saw 3 of its levels.

You collected 93 gold pieces.

Inventory:

Hand Weapons
 a - a +2 dagger
 m - a +2 dagger of venom (weapon)
Missiles
 b - 8 poisoned darts (quivered)
 c - 2 curare-tipped darts
Jewellery
 d - a ring of see invisible (left tentacle)
 e - an amulet of the acrobat (around mantle)
 f - a +6 ring of dexterity (right tentacle)
 k - an amulet of faith
Scrolls
 i - a scroll of magic mapping {unknown}
 j - a scroll of acquirement {unknown}
 l - a scroll of noise {unknown}
 p - 2 scrolls of teleportation {unknown}
Potions
 g - 2 potions of mutation {unknown}
 h - a potion of degeneration {unknown}
 n - 3 potions of curing
 o - a potion of invisibility {unknown}


   Skills:
 - Level 2.0 Fighting
 + Level 3.0 Short Blades
 - Level 2.0 Throwing
 - Level 1.0 Dodging
 * Level 7.2 Stealth


You had 3 spell levels left.
You didn't know any spells.
Your spell library contained the following spells:

 Spells                   Type           Power      Damage    Failure   Level
 Fireball                 Conj/Fire      0%         3d3       100%        5
 Starburst                Conj/Fire      0%         6d3       100%        6
 Ignition                 Fire           0%         3d3       100%        8


Dungeon Overview and Level Annotations

Branches:
Dungeon (3/15)

Altars:


Innate Abilities, Weirdness & Mutations

You cannot wear most types of armour.
You are amphibious.
You can wear up to eight rings at the same time.
Your skin changes colour to match your surroundings (Stealth+).
Your rubbery body absorbs attacks. (AC +1, EV +1)
((You are camouflaged near water. (Stealth+)))
You have tentacles for arms and can constrict up to eight enemies at once.


Message History

An orc comes into view. It is wielding a +0 short sword.
The orc shouts! x2
The orc throws a boomerang.
The boomerang closely misses you.
The orc wizard shouts!
The orc wizard misses you.
The orc throws a boomerang.
The boomerang completely misses you.
You hit the orc wizard but do no damage.
The orc wizard is poisoned.
Your grab misses the orc wizard.
The orc wizard hits you with a +0 dagger.
You hit the orc wizard but do no damage.
The orc wizard looks as sick as possible!
Your grab misses the orc wizard. You squeeze the orc wizard.
The orc wizard is moderately wounded.
The orc wizard points at you and mumbles some strange words.
You are confused.
You are too confused!
You are too confused!
You miss the orc wizard.
You squeeze the orc wizard, but do no damage.
The orc wizard is heavily wounded.
The orc wizard casts a spell at you. The magic dart hits you!
You closely miss the orc wizard. Your squeeze misses the orc wizard.
The orc wizard is heavily wounded.
The orc closely misses you.
The orc wizard casts a spell.
The orc wizard flickers and vanishes for a moment.
You closely miss the orc. The orc hits you with a +0 whip.
The orc wizard hits you with a +0 dagger.
You hit the orc wizard.
You kill the orc wizard!
The orc hits you with a +0 whip!
* * * LOW HITPOINT WARNING * * *
Your Short Blades skill increases to level 3!
Your Stealth skill increases to level 7!
You barely miss the orc. Your squeeze misses the orc.
The orc hits you with a +0 whip.
* * * LOW HITPOINT WARNING * * *
The orc hits you with a +0 short sword.
You die...

..........########...
.#..#..............#.
##..###.....###......
##..# ###.......#
##..# ###.##..# ##..#
#####.# # #.## ##..
#..####### ....
##@....... ....
#oo...... ##..#
......... ...
.........# #.
..#....##.# #.#..#..#
# .. ...... #.
#..#.##


You could see 2 orcs.

Vanquished Creatures
  An orc wizard (D:3)
  An adder (D:2)
  7 endoplasms
  A giant cockroach (D:1)
  3 goblins (D:1)
  10 hobgoblins
  5 kobolds
  3 quokkas
  3 ball pythons (D:1)
  2 bats
  2 frilled lizards
  5 rats (D:1)
43 creatures vanquished.

Notes
Turn   | Place    | Note
-------+----------+-------------------------------------------
     0 | D:1      | Delamore the Octopode Brigand began the quest for the Orb.
     0 | D:1      | Reached XP level 1. HP: 14/14 MP: 1/1
    75 | D:1      | Reached XP level 2. HP: 19/19 MP: 2/2
   191 | D:1      | Reached skill level 6 in Stealth
   536 | D:1      | Reached XP level 3. HP: 22/24 MP: 3/3
  1449 | D:2      | Reached XP level 4. HP: 29/29 MP: 4/4
  1649 | D:3      | Reached skill level 7 in Stealth
  1649 | D:3      | Slain by an orc

Illustrated notes

Levels and vault maps discovered:
D:1:      dpeg_arrival_windows_large_door, layout_loops_ring,
          minmay_tetromino_l4
D:2:      layout_loops_ring, minmay_misc_feat_rows, nicolae_underground_beach
D:3:      layout_rooms, cheibrodos_worm_habitat, serial_shops, shop,
          roderic_lattice_a, hangedman_abyss_or_decor_lesser_grid,
          minmay_misc_feat_chi

Skill      XL: |  1  2  3  4 |
---------------+-------------+-----
Stealth        | 6 7 |  7.2
Short Blades   | 3 |  3.0
Fighting       | |  2.0
Throwing       | |  2.0
Dodging        | |  1.0

Action                   |  1- 3 |  4- 6 || total
-------------------------+-------+-------++-------
Melee: Dagger            |    75 |     8 ||    83
       Constrict         |    14 |       ||    14
       Tentacles         |    13 |     2 ||    15
 Stab: Sleeping          |    14 |     1 ||    15
Armor: Skin              |     1 |       ||     1
Dodge: Dodged            |    38 |     4 ||    42
